 Dungeon Crawl Stone Soup version 0.31-a0-840-g6d2ecbb638 (webtiles) character file.

Game seed: 10381824359639929607

103 BinkBink the Poker (level 4, -3/34 HPs)
             Began as a Demonspawn Gladiator on Sept 27, 2023.
             Killed from afar by Natasha (6 damage)
             ... with a magic dart
             ... on level 2 of the Dungeon.
             The game lasted 00:02:24 (1510 turns).

BinkBink the Poker (Demonspawn Gladiator)           Turns: 1510, Time: 00:02:26

Health: -3/34      AC:  6    Str: 14    XL:     4   Next: 51%
Magic:  4/4        EV: 12    Int: 11    God:
Gold:   167        SH:  0    Dex: 15    Spells: 3/3 levels left

rFire   . . .        a - +0 trident
rCold   . . .        (no shield)
rNeg    . . .        b - +0 leather armour
rPois   .            c - +0 helmet
rElec   .            (no cloak)
rCorr   .            (no gloves)
SInv    .            (no boots)
Will    .....        (no amulet)
Stlth   +            (no ring)
HPRegen 0.25/turn    (no ring)
MPRegen 0.09/turn

%: no passive effects
@: mighty, slowed, very slow
A: molten scales 1
a: no special abilities


You were on level 2 of the Dungeon.
You visited 1 branch of the dungeon, and saw 2 of its levels.

You collected 167 gold pieces.

Inventory:

Hand Weapons
 a - a +0 trident (weapon)
Missiles
 d - 3 throwing nets (quivered)
 e - a javelin
Armour
 b - a +0 leather armour (worn)
 c - a +0 helmet (worn)
Jewellery
 l - an amulet of reflection
Scrolls
 i - 2 scrolls of identify {unknown}
 m - 2 scrolls of noise {unknown}
 n - a scroll of teleportation {unknown}
 p - a scroll of fear {unknown}
Potions
 f - a potion of heal wounds {unknown}
 g - a potion of might
 h - a potion of degeneration {unknown}
 j - a potion of mutation {unknown}
 k - a potion of curing
 o - a potion of lignification {unknown}


   Skills:
 + Level 2.9 Fighting
 + Level 3.3 Polearms
 + Level 2.6 Throwing
 + Level 3.3 Dodging


You had 3 spell levels left.
You didn't know any spells.
Your spell library contained the following spells:

 Spells                   Type           Power      Damage    Failure   Level
 Ensorcelled Hibernation  Hex/Ice        0%         N/A       56%         2
 Passwall                 Tmut/Erth      0%         N/A       56%         2
 Scorch                   Fire           0%         2d5       56%         2
 Swiftness                Air            0%         N/A       80%         3
 Flame Wave               Conj/Fire      0%         2d4       99%         4
 Summon Cactus Giant      Summ           0%         N/A       100%        6


Dungeon Overview and Level Annotations

Branches:
Dungeon (2/15)

Altars:
Kikubaaqudgha

Shops:
D:2 (

Annotations:
D:2 1 runed translucent door, Crazy Yiuf, Natasha


Innate Abilities, Weirdness & Mutations

You are partially covered in molten scales. (AC +2)


Message History

The magic dart hits you. The cerulean imp closely misses you.
The cerulean imp hits you from afar with a +2 spear.
Natasha stares at you and mumbles some strange words.
The magic dart hits you.
Natasha stares at you and mumbles some strange words.
You feel as though you will be slow longer.
The cerulean imp attacks as it pursues you!
The cerulean imp closely misses you.
The cerulean imp hits you from afar with a +2 spear.
* * * LOW HITPOINT WARNING * * *
Natasha mumbles some strange words.
The cerulean imp misses you.
It was a potion of might.
You feel very mighty all of a sudden. The cerulean imp completely misses you.
It was a potion of curing.
You feel better. The cerulean imp misses you.
The cerulean imp hits you but does no damage.
The cerulean imp hits you with a +2 spear.
The cerulean imp hits you from afar with a +2 spear.
Natasha extends her claws.
You closely miss the cerulean imp.
The cerulean imp hits you but does no damage.
The cerulean imp hits you from afar with a +2 spear. x2
The cerulean imp misses you.
You are too injured to fight recklessly!
You are too injured to fight recklessly!
You barely miss the cerulean imp.
The cerulean imp disappears in a puff of smoke!
The cerulean imp misses you. Natasha misses you.
The cerulean imp hits you from afar with a +2 spear.
* * * LOW HITPOINT WARNING * * *
You closely miss Natasha. Natasha casts a spell at you.
The magic dart hits you.
* * * LOW HITPOINT WARNING * * *
The cerulean imp barely misses you.
Natasha stares at you and mumbles some strange words.
The magic dart hits you.
You die...
Natasha curls up and begins to purr.

.....................###.......##
...................#..##......##
###..........#######..##.#...)#
#..........+..............>.###
#..........########............
#..........####.........###..##
#..........+...5.............#.
#..........####h###........####
#####'####......@............#
.........+......#.###.#....### #
.####.####........# #.#......# #
.# #.# #........# #.#......# # .#
#.# #.......####.#......# .# #.#
#..................## .#
#.####......#######.##### .#
...........## #.# .# #######.#..#
#.######


You could see Natasha and a cerulean imp (summoned).

Vanquished Creatures
  Natasha (twice) (D:2)
  An adder (D:2)
  A worm (D:2)
  2 dart slugs
  A bat (D:2)
  3 giant cockroaches
  6 goblins
  3 hobgoblins
  2 quokkas
  6 ball pythons
  4 frilled lizards
  4 kobolds
  7 rats
42 creatures vanquished.

Notes
Turn   | Place    | Note
-------+----------+-------------------------------------------
     0 | D:1      | BinkBink the Demonspawn Gladiator began the quest for the
                  | Orb.
     0 | D:1      | Reached XP level 1. HP: 16/16 MP: 1/1
   161 | D:1      | Gained mutation: You are partially covered in molten
                  | scales. (AC +2) [demonic ancestry]
   161 | D:1      | Reached XP level 2. HP: 22/22 MP: 2/2
   909 | D:2      | Reached XP level 3. HP: 23/28 MP: 3/3
  1104 | D:2      | Found an ancient bone altar of Kikubaaqudgha.
  1206 | D:2      | Found Bozic's Antique Weapon Shoppe.
  1222 | D:2      | Noticed Natasha
  1232 | D:2      | Killed Natasha
  1266 | D:2      | Reached XP level 4. HP: 34/34 MP: 4/4
  1318 | D:2      | Found a faded altar of an unknown god.
  1434 | D:2      | Found a runed translucent door.
  1435 | D:2      | Noticed Crazy Yiuf
  1474 | D:2      | Noticed Natasha
  1485 | D:2      | Killed Natasha
  1491 | D:2      | Noticed Natasha
  1510 | D:2      | Killed from afar by Natasha

Illustrated notes

Levels and vault maps discovered:
D:1:      ncdulo_smallfort, layout_basic, nicolae_houndstooth_variations
D:2:      layout_basic, serial_shops, nicolae_shop_tiny_statue_garden,
          basic_altar, nicolae_ecumenical_snake_handling,
          uniq_crazy_yiuf_cottage, uniq_terence, uniq_natasha

Skill      XL: |  1  2 |
---------------+-------+-----
Throwing       | 2 |  2.6
Polearms       | 3 |  3.3
Dodging        | 3 |  3.3
Fighting       | |  2.9

Action                     |  1- 3 |  4- 6 || total
---------------------------+-------+-------++-------
  Melee: Trident           |    93 |    20 ||   113
         Punch             |     2 |       ||     2
    Use: Potion            |       |     2 ||     2
   Stab: Sleeping          |     3 |       ||     3
 Armour: Leather armour    |    28 |    22 ||    50
  Dodge: Dodged            |    33 |    20 ||    53

Table legend: (Time is in decaauts)
 A = Elapsed time spent in this place.
 B = Non-inter-level travel time spent in this place.
 C = Inter-level travel time spent in this place.
 D = Time resting spent in this place.
 E = Time spent auto-exploring this place.
 F = Levels seen in this place.
 G = Mean time per level.
                   A        B        C        D        E       F      G
               +--------+--------+--------+--------+--------+-----+--------+
         Total |   1548 |   1517 |     31 |      0 |   1225 |   2 |  774.0 |
       Dungeon |   1548 |   1517 |     31 |      0 |   1225 |   2 |  774.0 |
               +--------+--------+--------+--------+--------+-----+--------+

Top non-repeatable levels by time:
     D:1: 896 daAuts
     D:2: 652 daAuts
